 Dungeon Crawl Stone Soup version 0.28.0 (webtiles) character file.

Game seed: 6881408856174492956

56 hawla the Firebug (level 3, -1/19 HPs)
             Began as a Deep Elf Fire Elementalist on Feb 18, 2022.
             Slain by a gnoll (10 damage)
             ... on level 3 of the Dungeon.
             The game lasted 00:07:23 (2430 turns).

hawla the Firebug (Deep Elf Fire Elementalist)      Turns: 2430, Time: 00:07:24

Health: -1/19      AC:  2    Str:  5    XL:     3   Next: 69%
Magic:  7/10       EV: 12    Int: 19    God:
Gold:   56         SH:  3    Dex: 15    Spells: 6/9 levels left

rFire   . . .      SeeInvis .   m - staff of death
rCold   . . .      Faith    .   b - +0 buckler
rNeg    + . .      Spirit   .   a - +0 robe
rPois   .          Reflect  .   (no helmet)
rElec   .          Harm     .   (no cloak)
rCorr   .          Rampage  .   (no gloves)
Will    .....                   (no boots)
Stlth   ++........              (no amulet)
HPRegen 0.06/turn               (no ring)
MPRegen 0.12/turn               (no ring)

@: no status effects
A: weak 1, devolution 1
a: no special abilities


You were on level 3 of the Dungeon.
You visited 1 branch of the dungeon, and saw 3 of its levels.

You collected 56 gold pieces.

Inventory:

Missiles
 h - 10 poisoned darts (quivered)
Armour
 a - a +0 robe (worn)
 b - a +0 buckler (worn)
Magical Staves
 m - a staff of death (weapon)
Scrolls
 f - 2 scrolls of teleportation
 k - a scroll of fog {unknown}
 n - a scroll of immolation {unknown}
 p - a scroll of amnesia {unknown}
 q - a scroll of enchant weapon {unknown}
Potions
 c - a potion of curing {unknown}
 d - a potion of mutation
 g - a potion of resistance
 j - a potion of attraction {unknown}
 l - a potion of heal wounds {unknown}
 o - a potion of lignification {unknown}
 r - 2 potions of brilliance {unknown}


   Skills:
 + Level 2.7 Dodging
 + Level 2.4 Stealth
 + Level 3.5 Spellcasting
 + Level 2.2 Conjurations
 * Level 0.3 Necromancy
 + Level 4.1 Fire Magic
 * Level 0.3 Evocations


You had 6 spell levels left.
You knew the following spells:

 Your Spells              Type           Power      Damage    Failure   Level
a - Foxfire               Conj/Fire      60%        2x1d7     5%          1
b - Scorch                Fire           38%        2d6       5%          2

Your spell library contained the following spells:

 Spells                   Type           Power      Damage    Failure   Level
 Conjure Flame            Conj/Fire      15%        6-21      16%         3
 Inner Flame              Hex/Fire       11%        N/A       26%         3
 Flame Wave               Conj/Fire      15%        2d6       47%         4


Dungeon Overview and Level Annotations

Branches:
Dungeon (3/15)

Altars:
Kikubaaqudgha
Makhleb
Sif Muna
Wu Jian
Yredelemnul


Innate Abilities, Weirdness & Mutations

You are weak. (Str -2)
You have hidden genetic defects.


Message History

You open the door. You open the door.
There is an open door here.
d - a potion of mutation You now have 56 gold pieces (gained 7).
Found a scale mail.
Found a basalt altar of Yredelemnul.
You open the door.
There is an open door here.
A gnoll comes into view. It is wielding a +0 spear.
A gnoll is nearby!
A gnoll is nearby!
A gnoll is nearby!
A gnoll is nearby!
A gnoll is nearby!
A gnoll is nearby!
The gnoll shouts!
A gnoll comes into view. It is wielding a +4 spear.
The gnoll throws a throwing net.
The throwing net misses you.
A gnoll comes into view. It is wielding a +0 club.
The gnoll barely misses you.
Casting: Foxfire (safe; 5% risk of failure)
Confirm with . or Enter, or press ? or * to list all spells.
You conjure some foxfire!
The gnoll shouts!
The gnoll hits you with a +0 spear.
Casting: Foxfire (safe; 5% risk of failure)
Confirm with . or Enter, or press ? or * to list all spells.
You don't know that spell.
Casting: Foxfire (safe; 5% risk of failure)
Confirm with . or Enter, or press ? or * to list all spells.
Flames lash the gnoll.
The gnoll is moderately wounded.
The gnoll's fire resistance burns away.
The foxfire hits the gnoll.
The gnoll is moderately wounded.
The foxfire hits the gnoll.
The gnoll is heavily wounded.
The gnoll hits you with a +0 spear.
The gnoll hits you from afar with a +4 spear!
Ouch! That really hurt!
You die...

..# ###+##._.# ###
### #..[######'.
#####+##.###.#...#.
#......##....#.#.#.
#......##.##...#.##
#......##.#...##.#
#......##.#.#....#
###§....(##...#.###.#
#...@§....'###### .
#..gg########...# .
#.g..# ######...#
#....# #........#
#....# #........#
#....# #.......######
##### ######
#.......#..... #...#
#..........### #...#
#.............


You could see 3 gnolls.

Vanquished Creatures
  A hound skeleton (D:2)
  A dart slug (D:2)
  3 ball pythons (D:1)
  2 bats
  2 endoplasms (D:1)
  2 giant cockroaches
  3 goblins
  3 hobgoblins (D:1)
  6 jackals
  2 quokkas (D:1)
  3 frilled lizards (D:3)
  4 kobolds
  7 rats
39 creatures vanquished.

Vanquished Creatures (others)
  86 foxfires
86 creatures vanquished.

Grand Total: 125 creatures vanquished

Notes
Turn   | Place    | Note
-------+----------+-------------------------------------------
     0 | D:1      | hawla the Deep Elf Fire Elementalist began the quest for
                  | the Orb.
     0 | D:1      | Reached XP level 1. HP: 10/10 MP: 6/6
   363 | D:1      | Reached XP level 2. HP: 15/15 MP: 4/8
   640 | D:1      | Learned a level 2 spell: Scorch
   795 | D:2      | Reached skill level 4 in Fire Magic
   989 | D:2      | Reached XP level 3. HP: 15/19 MP: 1/9
  1682 | D:3      | Gained mutation: You have hidden genetic defects. [potion
                  | of mutation]
  1767 | D:3      | Found a burning altar of Makhleb.
  1773 | D:3      | Found an ornate altar of the Wu Jian Council.
  1773 | D:3      | Found a shimmering blue altar of Sif Muna.
  1924 | D:3      | Found an ancient bone altar of Kikubaaqudgha.
  2173 | D:3      | Gained mutation: You are weak. (Str -2) [hidden defects]
  2414 | D:3      | Found a basalt altar of Yredelemnul.
  2430 | D:3      | Slain by a gnoll

Illustrated notes

Levels and vault maps discovered:
D:1:      lightli_arrival_statue_moat, layout_basic
D:2:      layout_rooms
D:3:      layout_basic, grunt_temple_overflow_open, mainiacjoe_overflow_swirl

Skill      XL: |  1  2 |
---------------+-------+-----
Fire Magic     | 4 |  4.1
Conjurations   | 2 |  2.2
Dodging        | |  2.7
Stealth        | |  2.4
Spellcasting   | |  3.5
Necromancy     | |  0.3
Evocations     | |  0.3

Action                   || total
-------------------------++-------
Melee: Unarmed           ||     2
Throw: Dart              ||     4
 Cast: Foxfire           ||    56
       Scorch            ||     6
  Use: Scroll            ||     5
       Potion            ||     1
Armor: Robe              ||     6
Dodge: Dodged            ||    12
Block: Buckler           ||     4
